 Dungeon Crawl Stone Soup version 0.28-a0-407-g69098e2f6d (webtiles) character file.

Game seed: 6892850964022927161

43 avis the Skirmisher (level 3, 39/39 HPs)
             Began as an Ogre Hunter on Sept 6, 2021.
             Got out of the dungeon alive.
             The game lasted 00:04:42 (1827 turns).

avis the Skirmisher (Ogre Hunter)                   Turns: 1827, Time: 00:04:42

Health: 39/39      AC:  3    Str: 16    XL:     3   Next: 58%
Magic:  3/3        EV:  9    Int: 13    God:
Gold:   44         SH:  0    Dex:  9    Spells: 2/2 levels left

rFire   . . .      SeeInvis .   a - +0 club
rCold   . . .      Faith    .   (no shield)
rNeg    . . .      Spirit   .   b - +0 robe
rPois   .          Reflect  .   (helmet restricted)
rElec   .          Harm     .   (no cloak)
rCorr   .          Rampage  .   (gloves unavailable)
Will    .....                   (boots unavailable)
Stlth   +.........              (no amulet)
HPRegen 0.13/turn               (no ring)
MPRegen 0.08/turn               (no ring)

@: no status effects
A: large, unfitting armour, tough skin 1
a: no special abilities


You escaped.
You visited 1 branch of the dungeon, and saw 1 of its levels.

You collected 44 gold pieces.

Inventory:

Hand Weapons
 a - a +0 club (weapon)
Missiles
 c - 5 large rocks (quivered)
 d - 2 throwing nets
 e - 20 arrows
 f - 24 stones
Armour
 b - a +0 robe (worn)
Scrolls
 g - a scroll of identify {unknown}
 j - a scroll of acquirement {unknown}
 k - 2 scrolls of teleportation {unknown}
Potions
 h - a potion of mutation {unknown}
 i - a potion of invisibility {unknown}


   Skills:
 + Level 4.3 Fighting
 * Level 1.6 Maces & Flails
 - Level 4.0 Throwing
 - Level 1.7 Dodging
 - Level 0.6 Stealth


You had 2 spell levels left.
You didn't know any spells.
Your spell library was empty.

Dungeon Overview and Level Annotations

Branches:
Dungeon (1/15)

Altars:


Innate Abilities, Weirdness & Mutations

You are too large for most types of armour.
You have tough skin. (AC +1)


Message History

f - 24 stones (gained 22)
You start resting.
HP restored.
Found a faded altar of an unknown god.
Found a ring mail.
k - 2 scrolls labelled YCHYM NEIPT (gained 1)
An endoplasm comes into view.
The helpless endoplasm fails to defend itself.
You hit the endoplasm.
The endoplasm is heavily wounded.
The endoplasm freezes you.
You are frozen.
You hit the endoplasm but do no damage.
The endoplasm is heavily wounded.
The endoplasm hits you but does no damage.
You hit the endoplasm but do no damage.
The endoplasm is heavily wounded.
The endoplasm closely misses you. The endoplasm freezes you.
You are frozen.
You hit the endoplasm.
The endoplasm is heavily wounded.
The endoplasm freezes you.
You are frozen.
You hit the endoplasm.
You kill the endoplasm!
You start resting.
HP restored.
There is an empty arch of ancient stone here.
There is an escape hatch in the floor here.
There is a stone staircase leading down here.
Done exploring.
Done exploring.
Done exploring.
You see here a +0 leather armour.
You open the door.
There is an open door here.
There is a staircase leading out of the dungeon here.
Are you sure you want to leave the Dungeon?
This will make you lose the game!
You have escaped!

....# #..# ....#
##.######## ....#
#........###### ....#
#.######......# ....#
####.## ##'###.# ....#
#.....#♣♣♣♣P.♣P#.#
....#
#.....#≈♣P.....'.#
#####
#.....#.....≈♣♣###
##########...[.#@.≈P♣P♣
...............########
##########..........#
#..........#
#..........#
############


There were no monsters in sight!

Vanquished Creatures
  2 dart slugs (D:1)
  3 ball pythons (D:1)
  3 bats (D:1)
  5 endoplasms (D:1)
  A giant cockroach (D:1)
  5 hobgoblins (D:1)
  6 jackals (D:1)
  A quokka (D:1)
  3 frilled lizards (D:1)
  2 kobolds (D:1)
31 creatures vanquished.

Notes
Turn   | Place    | Note
-------+----------+-------------------------------------------
     0 | D:1      | avis the Ogre Hunter began the quest for the Orb.
     0 | D:1      | Reached XP level 1. HP: 22/22 MP: 1/1
   201 | D:1      | Reached XP level 2. HP: 15/32 MP: 2/2
   766 | D:1      | Reached skill level 1 in Maces & Flails
   918 | D:1      | Reached XP level 3. HP: 28/39 MP: 3/3
  1619 | D:1      | Found a faded altar of an unknown god.
  1827 | D:$      | Got out of the dungeon alive.

Illustrated notes

Levels and vault maps discovered:
D:1:      tarquinn_simple_flora_water_f, layout_rooms,
          shapermc_ecumenical_altar_venn

Skill      XL: |  1  2 |
---------------+-------+-----
Fighting       | 3 4 |  4.3
Maces & Flails | 1 |  1.6
Throwing       | |  4.0
Dodging        | |  1.7
Stealth        | |  0.6

Action                   || total
-------------------------++-------
Melee: Short sword       ||    34
       Club              ||   159
 Stab: Sleeping          ||     1
Armor: Robe              ||    92
Dodge: Dodged            ||   111

Table legend: (Time is in decaauts)
 A = Elapsed time spent in this place.
 B = Non-inter-level travel time spent in this place.
 C = Inter-level travel time spent in this place.
 D = Time resting spent in this place.
 E = Time spent auto-exploring this place.
 F = Levels seen in this place.
 G = Mean time per level.
                   A        B        C        D        E       F      G
               +--------+--------+--------+--------+--------+-----+--------+
         Total |   1869 |   1848 |     21 |   1181 |    303 |   1 | 1869.0 |
       Dungeon |   1869 |   1848 |     21 |   1181 |    303 |   1 | 1869.0 |
               +--------+--------+--------+--------+--------+-----+--------+

Top non-repeatable levels by time:
     D:1: 1869 daAuts
